Map: 2000 Atmospheres LE

Players

Trap - Winner!

  • Race: Protoss Protoss

MaxPax

  • Race: Protoss Protoss

Event: TSL 8

VOD

Have the link to the VOD?

Description

Time

  • Played on: Dec. 3, 2021, 8:50 a.m.
  • Length: 8:51

All games in this series

Show
View Real Time Build Order
Export as new Build Order

Trap Protoss - Winner!

Build Orders:  

Get SALT Encoding   

  12  0:00  Probe  
  13  0:12  Probe  
  14  0:17  Pylon  
  14  0:24  Probe (Chrono Boost)  
  15  0:36  Gateway, Probe (Chrono Boost)  
  16  0:44  Probe (Chrono Boost)  
  16  0:45  Assimilator  
  17  0:51  Probe  
  17  0:55  Assimilator  
  18  1:03  Probe (Chrono Boost)  
  19  1:07  Gateway  
  19  1:12  Probe (Chrono Boost)  
  19  1:18  Probe  
  20  1:24  Cybernetics Core  
  21  1:32  Probe  
  22  1:35  Pylon  
  22  1:44  Probe  
  23  2:00  Stalker x2, Warp Gate (Chrono Boost)  
  27  2:09  Gateway  
  27  2:17  Pylon  
  27  2:21  Probe  
  28  2:30  Stalker  
  28  2:36  Stalker  
  32  2:50  Shield Battery  
  32  2:57  Stalker  
  34  3:04  Pylon  
  34  3:05  Shield Battery  
  33  3:37  Stalker x3  
  39  3:48  Shield Battery  
  39  3:53  Shield Battery  
  39  4:01  Stalker  
  39  4:02  Stalker, Sentry  
  45  4:05  Pylon  
  41  4:25  Stalker x2, Sentry  
  45  4:31  Shield Battery  
  45  4:48  Adept x2  
  45  4:49  Stalker  
  49  5:01  Robotics Facility  
  47  5:17  Stalker x2  
  51  5:23  Adept  
  51  5:28  Pylon  
  53  5:47  Stalker, Zealot x2  
  57  6:03  Immortal (Chrono Boost)  
  61  6:15  Stalker  
  55  6:26  Adept x2  
  59  6:39  Warp Prism (Chrono Boost)  
  45  7:01  Sentry  
  45  7:02  Stalker, Sentry  
  51  7:16  Immortal (Chrono Boost)  
  55  7:26  Adept, Sentry  
  59  7:39  Adept  
  59  7:56  Observer  
  59  7:57  Adept  
  62  8:00  Pylon  
  58  8:17  Zealot x2  
  52  8:34  Stalker  
Show
View Real Time Build Order
Export as new Build Order

MaxPax Protoss 

Build Orders: 1 Gate Expand 

Get SALT Encoding   

  12  0:00  Probe  
  13  0:12  Probe  
  14  0:19  Pylon  
  14  0:24  Probe  
  15  0:37  Probe (Chrono Boost)  
  15  0:39  Gateway  
  16  0:48  Assimilator, Probe (Chrono Boost)  
  17  0:53  Probe (Chrono Boost)  
  18  1:03  Probe  
  19  1:15  Probe  
  20  1:26  Nexus  
  20  1:34  Cybernetics Core  
  20  1:36  Probe  
  21  1:47  Assimilator  
  21  1:49  Probe  
  21  1:53  Pylon  
  22  2:01  Probe  
  23  2:09  Adept (Chrono Boost)  
  23  2:13  Probe  
  23  2:15  Robotics Facility  
  26  2:21  Warp Gate  
  26  2:26  Pylon  
  26  2:33  Probe  
  26  2:36  Stalker  
  29  2:49  Probe  
  29  2:50  Shield Battery  
  29  2:51  Probe  
  31  3:05  Immortal (Chrono Boost)  
  31  3:11  Probe  
  36  3:19  Stalker  
  38  3:23  Shield Battery  
  38  3:34  Shield Battery  
  38  3:42  Immortal (Chrono Boost)  
  42  4:02  Gateway  
  42  4:09  Sentry  
  44  4:10  Pylon  
  44  4:19  Immortal (Chrono Boost)  
  42  4:26  Shield Battery  
  40  4:33  Sentry  
  40  4:34  Shield Battery  
  42  4:45  Cybernetics Core  
  42  4:47  Pylon  
  42  4:59  Zealot  
  40  5:04  Pylon  
  40  5:11  Zealot  
  40  5:17  Warp Prism (Chrono Boost), Pylon  
  42  5:32  Sentry, Shield Battery  
  44  5:40  Pylon  
  44  5:47  Immortal (Chrono Boost)  
  44  5:56  Sentry  
  46  6:15  Shield Battery  
  46  6:17  Shield Battery  
  46  6:21  Immortal (Chrono Boost), Sentry  
  45  6:40  Shield Battery  
  40  6:57  Immortal (Chrono Boost)  
  40  7:02  Sentry  
  40  7:05  Gateway  
  40  7:26  Gateway  
  42  7:39  Pylon  
  42  7:43  Pylon  
  37  7:55  Stargate  
  37  7:57  Sentry, Pylon  
  39  7:59  Pylon  
  39  8:01  Sentry  
  31  8:22  Stalker x2  
  33  8:33  Stalker  
Tags
 
Add a new tag
Caveats
  • Supply blocks, unpowered buildings, or Contaminate may cause inaccurate times.
  • Supply counts are checked every 10 seconds.